 Dungeon Crawl Stone Soup version 0.26-a0-291-g3d11bbfad5 (webtiles) character file.

Game seed: 8631111269461518450

588 BritishOli the Skirmisher (level 7, 0/55 HPs)
             Began as a Demonspawn Fighter on July 14, 2020.
             Killed from afar by Ijyb (12 damage)
             ... with a bolt of acid
             ... on level 5 of the Dungeon.
             The game lasted 00:04:58 (4814 turns).

BritishOli the Skirmisher (Demonspawn Fighter)      Turns: 4814, Time: 00:04:59

Health: 0/55       AC:  9    Str: 19    XL:     7   Next: 15%
Magic:  0/7        EV:  7    Int:  9    God:
Gold:   61         SH:  9    Dex: 12    Spells: 6/6 levels left

rFire    . . .     SeeInvis .   a - +0 long sword
rCold    . . .     Faith    .   c - +0 kite shield
rNeg     . . .     Spirit   +   b - +0 scale mail
rPois    .         Reflect  .   (no helmet)
rElec    .         Harm     .   (no cloak)
rCorr    .                      (no gloves)
MR       .....                  (no boots)
Stlth    ..........             (no amulet)
HPRegen  0.18/turn              (no ring)
MPRegen  0.20/turn              (no ring)

@: corroded, sanguine armour
A: hooves 2, demonic guardian 1, magic shield, magic regeneration, sanguine
armour 1
a: no special abilities


You were on level 5 of the Dungeon.
You visited 1 branch of the dungeon, and saw 5 of its levels.

You collected 182 gold pieces.
You spent 121 gold pieces at shops.

Inventory:

Hand Weapons
 a - a +0 long sword (weapon)
Armour
 b - a +0 scale mail (worn)
 c - a +0 kite shield (worn)
Jewellery
 h - an uncursed ring of see invisible {unknown}
Wands
 k - a wand of digging (4)
 m - a wand of polymorph (7)
 t - a wand of acid (7)
Scrolls
 e - 7 scrolls of identify {unknown}
 f - a scroll of random uselessness {unknown}
 i - 2 scrolls of remove curse {unknown}
 o - a scroll of immolation {unknown}
 p - 2 scrolls of fog {unknown}
 q - a scroll of teleportation {unknown}
 u - a scroll of enchant weapon {unknown}
 w - a scroll of magic mapping {unknown}
 x - a scroll of noise {unknown}
Potions
 d - 2 potions of might
 g - a potion of invisibility
 j - 5 potions of curing
 l - a potion of mutation {unknown}
 n - a potion of magic {unknown}
 r - a potion of flight {unknown}
 s - 2 potions of lignification {unknown}
 v - 2 potions of heal wounds


   Skills:
 + Level 4.8 Fighting
 + Level 3.8 Long Blades
 + Level 4.4 Armour
 + Level 4.4 Shields


You had 6 spell levels left.
You didn't know any spells.
Your spell library contained the following spells:

 Spells                   Type           Power        Failure   Level
 Shock                    Conj/Air       #...         99%         1
 Swiftness                Chrm/Air       #.......     100%        2
 Static Discharge         Conj/Air       #.......     100%        3
 Airstrike                Air            #.........   100%        4
 Lightning Bolt           Conj/Air       #.........   100%        5


Dungeon Overview and Level Annotations

Branches:
Dungeon (5/15)
 Temple: D:4-7

Altars:
Ashenzari
Gozag
Kikubaaqudgha
Wu Jian
Yredelemnul
The Shining One

Shops:
D:5 !

Annotations:
D:4 1 runed translucent door, brujo666's ghost, amateur DsFi
D:5 Ijyb


Innate Abilities, Weirdness & Mutations

You have hoof-like feet.
A weak demonic guardian rushes to your aid.
When hurt, damage is shared between your health and your magic reserves.
You regenerate magic rapidly.
When seriously injured, your bleeding wounds create armour. (AC +6)


Message History

You barely miss Ijyb.
Ijyb is moderately wounded.
Ijyb hits you but does no damage.
You closely miss Ijyb. Your kick misses Ijyb.
Ijyb is moderately wounded.
Ijyb zaps a wand.
The bolt of acid hits you!
You are splashed with acid!
* * * LOW HITPOINT WARNING * * *
Your shield prevents you from hitting Ijyb.
Your kick misses Ijyb.
Ijyb is moderately wounded.
Ijyb hits you but does no damage. You block Ijyb's attack.
You closely miss Ijyb.
Ijyb is moderately wounded.
Ijyb grins evilly.
Ijyb hits you.
* * * LOW HITPOINT WARNING * * *
You hit Ijyb but do no damage. You kick Ijyb, but do no damage.
Ijyb is moderately wounded.
Ijyb zaps a wand.
The bolt of acid hits you!
You die...

##########.
#..@g......
#.########<
#.# #.# #.#
#.# #.# #.#
#####.# #


You could see Ijyb.

Vanquished Creatures
  A scorpion (D:3)
  A howler monkey (D:4)
  An orc wizard (D:4)
  2 hounds
  Jessica (D:2)
  An iguana (D:5)
  A howler monkey skeleton (D:5)
  5 adders
  A white imp (D:5)
  6 worms
  2 dart slugs
  2 leopard geckos
  4 orcs (D:4)
  2 giant cockroaches
  5 goblins
  3 hobgoblins (D:1)
  4 jackals
  A quokka (D:3)
  A bat (D:1)
  5 frilled lizards
  3 kobolds
  3 rats (D:1)
55 creatures vanquished.

Vanquished Creatures (collateral kills)
  A hippogriff (D:4)
  An ice beast (D:5)
  Terence (D:2)
  An orc wizard (D:4)
  An adder (D:4)
  An orc (D:4)
  A frilled lizard (D:4)
7 creatures vanquished.

Grand Total: 62 creatures vanquished

Notes
Turn   | Place    | Note
-------+----------+-------------------------------------------
     0 | D:1      | BritishOli the Demonspawn Fighter began the quest for the
                  | Orb.
     0 | D:1      | Reached XP level 1. HP: 18/18 MP: 1/1
   315 | D:1      | Gained mutation: You have large cloven feet. [demonic
                  | ancestry]
   315 | D:1      | Reached XP level 2. HP: 18/24 MP: 2/2
  1156 | D:2      | HP: 1/24 [worm (7)]
  1203 | D:2      | Gained mutation: A weak demonic guardian rushes to your
                  | aid. [demonic ancestry]
  1203 | D:2      | Reached XP level 3. HP: 3/29 MP: 3/3
  1722 | D:2      | Found a glowing golden altar of the Shining One.
  1844 | D:2      | Found a faded altar of an unknown god.
  1893 | D:2      | Noticed Terence
  1898 | D:2      | Killed Terence
  1985 | D:2      | Noticed Jessica
  2002 | D:2      | Killed Jessica
  2002 | D:2      | Gained mutation: When hurt, damage is shared between your
                  | health and your magic reserves. [demonic ancestry]
  2002 | D:2      | Reached XP level 4. HP: 36/36 MP: 4/4
  2126 | D:2      | Found a basalt altar of Yredelemnul.
  2132 | D:2      | Noticed an angel
  2620 | D:3      | Found a shattered altar of Ashenzari.
  2620 | D:3      | Found an ancient bone altar of Kikubaaqudgha.
  2621 | D:3      | Found an opulent altar of Gozag.
  3285 | D:4      | Gained mutation: When seriously injured, your bleeding
                  | wounds create armour. (AC +6) [demonic ancestry]
  3285 | D:4      | Reached XP level 5. HP: 18/42 MP: 5/5
  3688 | D:4      | Noticed a hippogriff
  3695 | D:4      | Killed a hippogriff
  3695 | D:4      | Gained mutation: You have hoof-like feet. [demonic
                  | ancestry]
  3695 | D:4      | Reached XP level 6. HP: 46/49 MP: 6/6
  4179 | D:4      | Found a runed translucent door.
  4179 | D:4      | Noticed brujo666's ghost (amateur DsFi)
  4631 | D:5      | Entered Level 5 of the Dungeon
  4631 | D:5      | Found an ornate altar of the Wu Jian Council.
  4631 | D:5      | Noticed an ice beast
  4638 | D:5      | Killed an ice beast
  4638 | D:5      | Gained mutation: You regenerate magic rapidly. [demonic
                  | ancestry]
  4638 | D:5      | Reached XP level 7. HP: 46/55 MP: 5/7
  4786 | D:5      | Found Gaecor's Distillery.
  4789 | D:5      | Bought a potion of curing for 33 gold pieces
  4789 | D:5      | Bought a potion of heal wounds for 55 gold pieces
  4789 | D:5      | Bought a potion of curing for 33 gold pieces
  4803 | D:5      | Noticed Ijyb
  4814 | D:5      | Killed from afar by Ijyb

Illustrated notes

Levels and vault maps discovered:
D:1:      evilmike_arrival_hilbert_curve, layout_basic
D:2:      layout_loops_cross, grunt_temple_overflow_holy_war,
          chequers_ecumenical_altar_grove, chequers_serial_rivers_small_3,
          kennysheep_generic_room_15, uniq_jessica, uniq_terence
D:3:      layout_basic, gammafunk_temple_overflow_claw, minmay_misc_feat_roman
D:4:      layout_loops_ring, ebering_ghost_sewer_d, uniq_crazy_yiuf_cottage
D:5:      layout_loops_ring, minmay_temple_entry_butterflies, serial_shops,
          kennysheep_mini_moat, basic_altar, uniq_ijyb

Skill      XL: |  1  2  3  4  5  6 |
---------------+-------------------+-----
Long Blades    | 2 3 |  3.8
Armour         | 3 4 |  4.4
Shields        | 3 4 |  4.4
Fighting       | 4 |  4.8

Action                   |  1- 3 |  4- 6 |  7- 9 || total
-------------------------+-------+-------+-------++-------
Melee: Long sword        |    78 |   118 |    24 ||   220
       Kick              |    15 |    29 |     7 ||    51
       Unarmed           |     1 |       |       ||     1
 Stab: Distracted        |       |     1 |       ||     1
Armor: Scale mail        |    30 |    50 |     5 ||    85
Dodge: Dodged            |    25 |    26 |    11 ||    62
Block: Kite shield       |    35 |    57 |     6 ||    98
       Rpst.: Long sword |     6 |     6 |     4 ||    16

Table legend:
 A = Non-vault XP
 B = Vault XP
 C = Vault XP percentage of total XP
 D = Non-vault monster count
 E = Vault monster count
 F = Vault count percentage of total count
                 A         B        C        D         E       F
            +---------+---------+-------+---------+---------+-------
      Total |     769 |      71 |   8.5 |      59 |       3 |   4.8
            +---------+---------+-------+---------+---------+-------
        D:1 |      31 |       0 |   0.0 |      17 |       0 |   0.0
        D:2 |      25 |      71 |  74.0 |       4 |       3 |  42.9
        D:3 |     129 |       0 |   0.0 |      14 |       0 |   0.0
        D:4 |     382 |       0 |   0.0 |      19 |       0 |   0.0
        D:5 |     202 |       0 |   0.0 |       5 |       0 |   0.0
            +---------+---------+-------+---------+---------+-------
